Map: Cyber Forest LE

Players

NitWay - Winner!

  • Race: Terran Terran
  • League: Master
  • Spawn Location: 11:00

Mez

  • Race: Terran Terran
  • League: Master
  • Spawn Location: 5:00

VOD

Have the link to the VOD?

Description

Time

  • Played on: Aug. 12, 2019, 4:29 p.m.
  • Length: 8:47
Show
View Real Time Build Order
Export as new Build Order

NitWay Terran - Winner!

Build Orders:  

Get SALT Encoding   

  12  0:01  SCV  
  13  0:13  SCV  
  14  0:17  Supply Depot  
  14  0:24  Refinery  
  14  0:27  SCV  
  15  0:39  SCV  
  16  0:48  Barracks  
  16  0:51  SCV  
  16  0:56  Refinery  
  17  1:03  SCV  
  18  1:18  SCV  
  19  1:30  SCV  
  20  1:36  Reaper, Factory  
  21  1:44  Supply Depot  
  21  1:49  Orbital Command  
  21  2:09  Reaper  
  21  2:15  SCV  
  23  2:23  Hellion  
  23  2:27  SCV  
  26  2:34  Command Center  
  26  2:39  SCV  
  26  2:41  Reaper  
  28  2:46  Supply Depot  
  28  2:54  Hellion  
  28  2:55  SCV  
  31  3:04  Starport  
  31  3:10  SCV  
  32  3:14  Barracks Reactor  
  32  3:15  Factory Tech Lab  
  32  3:25  SCV  
  33  3:37  SCV  
  33  3:39  Cyclone  
  35  3:46  Orbital Command  
  35  3:49  Refinery  
  35  3:52  Starport Tech Lab  
  35  3:53  Marine x2  
  37  4:03  SCV  
  38  4:10  Marine x2  
  38  4:11  Raven, Siege Tank  
  38  4:15  SCV  
  38  4:16  SCV  
  47  4:27  SCV, Supply Depot  
  48  4:31  Marine  
  48  4:32  Marine  
  48  4:33  SCV  
  51  4:40  SCV  
  51  4:44  Supply Depot  
  52  4:46  SCV  
  52  4:48  Siege Tank  
  52  4:51  Marine x2  
  52  4:52  SCV  
  59  4:54  Raven  
  59  4:56  Supply Depot  
  59  4:58  Supply Depot  
  61  5:03  SCV  
  61  5:06  SCV  
  63  5:09  Marine x2  
  63  5:14  Command Center  
  65  5:18  SCV x2  
  67  5:28  Marine x2  
  69  5:29  Siege Tank  
  69  5:34  Supply Depot  
  69  5:35  SCV x2  
  74  5:38  Refinery  
  74  5:39  Raven  
  76  5:47  SCV x2, Marine x2, Supply Depot  
  80  6:01  Barracks  
  80  6:02  Barracks  
  79  6:16  Siege Tank, Marine x2  
  84  6:21  Engineering Bay  
  84  6:22  Engineering Bay  
  84  6:24  Supply Depot  
  84  6:34  Marine x2  
  84  6:35  Starport Reactor  
  84  6:36  Barracks  
  84  6:38  Barracks  
  86  6:47  Orbital Command  
  86  6:48  Siege Tank  
  86  6:49  Terran Infantry Weapons Level 1  
  86  6:52  Terran Infantry Armor Level 1, Marine x2  
  91  7:00  Barracks Reactor  
  91  7:01  Marine  
  92  7:04  SCV  
  93  7:10  Marine x2  
  85  7:35  Marine x3  
  85  7:36  Marine x4  
  79  7:37  Siege Tank  
  79  7:38  Viking  
  57  7:53  Marine x3  
  41  8:00  Marine x3  
  41  8:01  Marine  
  32  8:11  Marine  
Show
View Real Time Build Order
Export as new Build Order

Mez Terran 

Build Orders: Reaper Expand 

Get SALT Encoding   

  12  0:00  SCV  
  13  0:13  SCV  
  14  0:17  Supply Depot  
  14  0:25  SCV  
  15  0:39  SCV  
  15  0:40  Barracks  
  16  0:45  Refinery  
  16  0:51  SCV  
  17  1:03  SCV  
  18  1:15  SCV  
  19  1:29  Reaper  
  19  1:30  Orbital Command  
  20  1:41  Command Center  
  20  1:52  Supply Depot  
  20  1:56  SCV  
  21  2:02  Barracks Reactor  
  21  2:03  Refinery  
  21  2:09  Bunker  
  21  2:13  SCV  
  22  2:28  Factory  
  22  2:29  SCV  
  23  2:39  Marine x2  
  23  2:41  SCV  
  26  2:53  SCV  
  26  2:54  Orbital Command  
  26  2:57  Marine x2  
  29  3:06  SCV  
  29  3:12  Factory Tech Lab  
  30  3:14  Starport  
  30  3:17  Marine x2  
  30  3:18  SCV  
  33  3:21  SCV  
  34  3:30  SCV  
  34  3:31  Cyclone  
  38  3:34  SCV  
  38  3:36  Marine x2  
  38  3:39  Supply Depot  
  40  3:49  SCV x2  
  40  3:52  Starport Tech Lab  
  42  3:59  Marine x2  
  42  4:01  SCV x2  
  46  4:04  Supply Depot  
  46  4:05  Cyclone  
  49  4:12  Raven  
  49  4:13  SCV x2  
  49  4:14  Refinery  
  53  4:17  Marine  
  54  4:25  SCV x2, Marine  
  57  4:32  Supply Depot  
  57  4:35  Marine  
  57  4:37  SCV x2  
  60  4:39  Supply Depot  
  60  4:43  Marine  
  61  4:49  SCV  
  62  4:53  Siege Tank  
  62  4:54  Supply Depot  
  62  4:59  Command Center  
  65  5:00  Raven  
  65  5:02  Marine x2  
  65  5:03  SCV  
  65  5:05  SCV  
  71  5:14  Supply Depot  
  71  5:16  Supply Depot  
  71  5:22  SCV, Barracks  
  71  5:23  Barracks  
  71  5:24  Marine x2  
  71  5:27  SCV  
  75  5:30  Siege Tank  
  75  5:31  Refinery  
  75  5:34  SCV  
  79  5:39  SCV  
  80  5:43  Engineering Bay  
  80  5:46  SCV  
  81  5:54  Marine  
  81  5:56  Stimpack, Viking x2  
  83  6:14  Barracks Reactor x2, Marine  
  83  6:16  SCV x2, Orbital Command  
  86  6:21  Siege Tank  
  86  6:24  Terran Infantry Weapons Level 1  
  89  6:25  Supply Depot  
  89  6:28  SCV x2  
  89  6:31  Barracks  
  89  6:32  Barracks  
  91  6:37  Orbital Command  
  91  6:39  Viking x2  
  95  6:40  SCV  
  95  6:41  SCV  
  97  6:58  Marine x5  
  97  7:00  Siege Tank  
  105  7:01  SCV x2  
  107  7:11  Engineering Bay, Armory  
  107  7:13  SCV, Supply Depot  
  107  7:15  Supply Depot  
  106  7:16  Marine x2  
  107  7:27  Marine  
  98  7:30  Viking x2, Marine  
  98  7:32  Siege Tank  
  94  7:43  SCV  
  55  8:01  Marine x5  
  55  8:02  Marine x2  
  54  8:18  SCV  
  54  8:19  Marine x3  
  35  8:30  SCV  
Tags
 
Add a new tag
Caveats
  • Supply blocks, unpowered buildings, or Contaminate may cause inaccurate times.
  • Supply counts are checked every 10 seconds.